TOP OF THE 1ST |
Bluefield Blue Jays batting - Pitching for Boston (APP) Red Sox : RHP Chris Cory
|
Pitching: RHP Chris Cory
|
|
Batting: RHB Tokuji Kawabata
|
0-0: Ball 1-0: Fly out, F9 (Flyball, 9S, EV 75.6 MPH)
|
Batting: RHB Wade Diamond
|
0-0: Called Strike 0-1: Swinging Strike 0-2: Foul Ball, location: 2F 0-2: Foul Ball, location: 2F 0-2: Ball 1-2: Ball 2-2: Foul Ball, location: 2F 2-2: Fly out, F9 (Flyball, 9LM, EV 92.5 MPH)
|
Batting: LHB Cesar Arteaga
|
0-0: Ball 1-0: Swinging Strike 1-1: Called Strike 1-2: Strikes out swinging
|
Top of the 1st over - 0 runs, 0 hits, 0 errors, 0 left on base; Bluefield 0 - Boston (APP) 0 |
BOTTOM OF THE 1ST |
Boston (APP) Red Sox batting - Pitching for Bluefield Blue Jays : RHP Scott Olson
|
Pitching: RHP Scott Olson
|
|
Batting: LHB Stanislav Parusov
|
0-0: Called Strike 0-1: Bunt missed! 0-2: Foul Ball, location: 2F 0-2: Ball 1-2: Strikes out looking
|
Batting: RHB Matt Hinkle
|
0-0: Ball 1-0: Called Strike 1-1: Ball 2-1: Swinging Strike 2-2: Strikes out swinging
|
Batting: RHB Frank Sokolosky
|
0-0: Ball 1-0: Ball 2-0: Foul Ball, location: 2F 2-1: TRIPLE (Line Drive, 9LD, EV 106.9 MPH)
|
Batting: RHB William Lung
|
0-0: Foul Ball, location: 2F 0-1: Ball 1-1: Called Strike 1-2: Ball 2-2: Fly out, F9 (Flyball, 89XD, EV 97.5 MPH)
|
Bottom of the 1st over - 0 runs, 1 hit, 0 errors, 1 left on base; Bluefield 0 - Boston (APP) 0 |
TOP OF THE 2ND |
Bluefield Blue Jays batting - Pitching for Boston (APP) Red Sox : RHP Chris Cory
|
Batting: SHB Jack Andrews
|
0-0: Fly out, F9 (Flyball, 89M, EV 95.6 MPH)
|
Batting: LHB Eddie Muniz
|
0-0: Ball 1-0: Fly out, F8 (Flyball, 8RD, EV 96.2 MPH)
|
Batting: RHB Mike Johnson
|
0-0: Called Strike 0-1: Ball 1-1: Called Strike 1-2: Ball 2-2: Fly out, F8 (Line Drive, 8RD, EV 87.5 MPH)
|
Top of the 2nd over - 0 runs, 0 hits, 0 errors, 0 left on base; Bluefield 0 - Boston (APP) 0 |
BOTTOM OF THE 2ND |
Boston (APP) Red Sox batting - Pitching for Bluefield Blue Jays : RHP Scott Olson
|
Batting: LHB Frank Olivo
|
0-0: Foul Ball, location: 2F 0-1: Ball 1-1: Foul Ball, location: 2F 1-2: Foul Ball, location: 2F 1-2: Strikes out swinging
|
Batting: RHB John Doucette
|
0-0: Ball 1-0: Ground out 1-3 (Groundball, 34S, EV 74.4 MPH)
|
Batting: RHB Dominique Paolozzi
|
0-0: Ball 1-0: Called Strike 1-1: Foul Ball, location: 2F 1-2: Ground out 6-3 (Groundball, 6M, EV 80.6 MPH)
|
Bottom of the 2nd over - 0 runs, 0 hits, 0 errors, 0 left on base; Bluefield 0 - Boston (APP) 0 |
TOP OF THE 3RD |
Bluefield Blue Jays batting - Pitching for Boston (APP) Red Sox : RHP Chris Cory
|
Batting: RHB John Hering
|
0-0: Called Strike 0-1: Foul Ball, location: 2F 0-2: Fly out, F9 (Line Drive, 9D, EV 98.1 MPH)
|
Batting: RHB Chris Martin
|
0-0: Ball 1-0: Ball 2-0: Called Strike 2-1: Swinging Strike 2-2: Strikes out swinging
|
Batting: RHB Ed Swafford
|
0-0: Ball 1-0: Foul Ball, location: 2F 1-1: Ball 2-1: Fly out, F2 (Popup, 5SF, EV 81.9 MPH)
|
Top of the 3rd over - 0 runs, 0 hits, 0 errors, 0 left on base; Bluefield 0 - Boston (APP) 0 |
BOTTOM OF THE 3RD |
Boston (APP) Red Sox batting - Pitching for Bluefield Blue Jays : RHP Scott Olson
|
Batting: RHB Rogelio Cervantes
|
0-0: Ground out 4-3 (Groundball, 4MD, EV 80.0 MPH)
|
Batting: RHB Joe Booth
|
0-0: Ball 1-0: Ball 2-0: Called Strike 2-1: Fly out, F8 (Flyball, 8RXD, EV 86.9 MPH)
|
Batting: LHB Stanislav Parusov
|
0-0: Foul Ball, location: 2F 0-1: SOLO HOME RUN (Flyball, 9LD, EV 95.0 MPH), Distance : 355 ft
|
Batting: RHB Matt Hinkle
|
0-0: Ball 1-0: Called Strike 1-1: Ball 2-1: Foul Ball, location: 2F 2-2: Foul Ball, location: 2F 2-2: Fly out, F6 (Popup, 56, EV 75.0 MPH)
|
Bottom of the 3rd over - 1 run, 1 hit, 0 errors, 0 left on base; Bluefield 0 - Boston (APP) 1 |
TOP OF THE 4TH |
Bluefield Blue Jays batting - Pitching for Boston (APP) Red Sox : RHP Chris Cory
|
Batting: RHB Tokuji Kawabata
|
0-0: Called Strike 0-1: Swinging Strike 0-2: Strikes out looking
|
Batting: RHB Wade Diamond
|
0-0: Ball 1-0: DOUBLE (Flyball, 78XD, EV 110.0 MPH)
|
Batting: LHB Cesar Arteaga
|
0-0: Foul Ball, location: 2F 0-1: Fly out, F5 (Popup, 5SF, EV 74.4 MPH)
|
Batting: SHB Jack Andrews
|
0-0: Ball 1-0: Ball 2-0: Ground out 4-3 (Groundball, 34, EV 105.0 MPH)
|
Top of the 4th over - 0 runs, 1 hit, 0 errors, 1 left on base; Bluefield 0 - Boston (APP) 1 |
BOTTOM OF THE 4TH |
Boston (APP) Red Sox batting - Pitching for Bluefield Blue Jays : RHP Scott Olson
|
Batting: RHB Frank Sokolosky
|
0-0: Called Strike 0-1: Swinging Strike 0-2: Foul Ball, location: 2F 0-2: Foul Ball, location: 2F 0-2: Ball 1-2: Strikes out swinging
|
Batting: RHB William Lung
|
0-0: SINGLE (Groundball, 4MD, EV 100.6 MPH)
|
Batting: LHB Frank Olivo
|
0-0: Ball 1-0: Fly out, F7 (Line Drive, 8LM, EV 111.2 MPH)
|
Batting: RHB John Doucette
|
0-0: Ground out U3 (Groundball, 34, EV 104.4 MPH)
|
Bottom of the 4th over - 0 runs, 1 hit, 0 errors, 1 left on base; Bluefield 0 - Boston (APP) 1 |
TOP OF THE 5TH |
Bluefield Blue Jays batting - Pitching for Boston (APP) Red Sox : RHP Chris Cory
|
Batting: LHB Eddie Muniz
|
0-0: Ball 1-0: Ball 2-0: Called Strike 2-1: Ball 3-1: Swinging Strike 3-2: Base on Balls
|
Batting: RHB Mike Johnson
|
0-0: Ball 1-0: Called Strike 1-1: Foul Ball, location: 2F 1-2: SINGLE (Groundball, 4MD, EV 98.1 MPH) Eddie Muniz to second
|
Pinch Runner at 2nd Braydon Pinsent:
|
|
Batting: RHB John Hering
|
0-0: 3-RUN HOME RUN (Flyball, 7D, EV 96.2 MPH), Distance : 374 ft
|
Batting: RHB Chris Martin
|
0-0: Called Strike 0-1: Swinging Strike 0-2: Foul Ball, location: 2F 0-2: Fly out, F8 (Line Drive, 8LD, EV 90.0 MPH)
|
Batting: RHB Ed Swafford
|
0-0: Called Strike 0-1: Called Strike 0-2: Strikes out swinging
|
Batting: RHB Tokuji Kawabata
|
0-0: Ball 1-0: Foul Ball, location: 2F 1-1: Ball 2-1: Swinging Strike 2-2: TRIPLE (Line Drive, 89XD, EV 105.0 MPH)
|
Batting: RHB Wade Diamond
|
0-0: Ball 1-0: Called Strike 1-1: Ground out 4-3 (Groundball, 4, EV 98.1 MPH)
|
Top of the 5th over - 3 runs, 3 hits, 0 errors, 1 left on base; Bluefield 3 - Boston (APP) 1 |
BOTTOM OF THE 5TH |
Boston (APP) Red Sox batting - Pitching for Bluefield Blue Jays : RHP Scott Olson
|
Now in RF: Rich Cracchiolo
|
|
Batting: RHB Dominique Paolozzi
|
0-0: Called Strike 0-1: Fly out, F8 (Flyball, 78D, EV 82.5 MPH)
|
Batting: RHB Rogelio Cervantes
|
0-0: Ball 1-0: SINGLE (Groundball, 6S, EV 62.5 MPH) (infield hit)
|
Batting: RHB Joe Booth
|
0-0: Ball Rogelio Cervantes steals 2nd base (no throw) 1-0: Ball 2-0: Called Strike 2-1: Ball 3-1: Base on Balls
|
Batting: LHB Stanislav Parusov
|
0-0: Called Strike 0-1: Foul Ball, location: 2F 0-2: Ball 1-2: Ball 2-2: Foul Ball, location: 2F 2-2: Ball 3-2: TRIPLE (Line Drive, 8RXD, EV 108.8 MPH) Rogelio Cervantes scores Joe Booth scores
|
Batting: RHB Matt Hinkle
|
0-0: Ball 1-0: Ball 2-0: Ball 3-0: Called Strike 3-1: Called Strike 3-2: Ground out 5-3 (Groundball, 5, EV 87.5 MPH)
|
Batting: RHB Frank Sokolosky
|
0-0: Ground out 4-3 (Groundball, 4, EV 84.4 MPH)
|
Bottom of the 5th over - 2 runs, 2 hits, 0 errors, 1 left on base; Bluefield 3 - Boston (APP) 3 |
TOP OF THE 6TH |
Bluefield Blue Jays batting - Pitching for Boston (APP) Red Sox : RHP Chris Cory
|
Batting: LHB Cesar Arteaga
|
0-0: Called Strike 0-1: Foul Ball, location: 2F 0-2: Strikes out swinging
|
Batting: SHB Jack Andrews
|
0-0: Called Strike 0-1: Called Strike 0-2: Fly out, F7 (Flyball, 7LM, EV 98.8 MPH)
|
Batting: RHB Rich Cracchiolo
|
0-0: Swinging Strike 0-1: Swinging Strike 0-2: Ball 1-2: Foul Ball, location: 2F 1-2: Ball 2-2: Ball 3-2: Strikes out looking
|
Top of the 6th over - 0 runs, 0 hits, 0 errors, 0 left on base; Bluefield 3 - Boston (APP) 3 |
BOTTOM OF THE 6TH |
Boston (APP) Red Sox batting - Pitching for Bluefield Blue Jays : RHP Scott Olson
|
Batting: RHB William Lung
|
0-0: Ball 1-0: Ball 2-0: Called Strike 2-1: Foul Ball, location: 2F 2-2: Fly out, F9 (Flyball, 89S, EV 76.2 MPH)
|
Pitching: LHP Bruce Knight
|
|
Pinch Hitting: SHB Eric Evans
|
0-0: Ball 1-0: Called Strike 1-1: Ground out 6-3 (Groundball, 6, EV 111.2 MPH)
|
Batting: RHB John Doucette
|
0-0: Called Strike 0-1: Ball 1-1: Ball 2-1: Swinging Strike 2-2: Foul Ball, location: 2F 2-2: Ball 3-2: Strikes out swinging
|
Bottom of the 6th over - 0 runs, 0 hits, 0 errors, 0 left on base; Bluefield 3 - Boston (APP) 3 |
TOP OF THE 7TH |
Bluefield Blue Jays batting - Pitching for Boston (APP) Red Sox : RHP Chris Cory
|
Now at 1B: Curt Stallings
|
|
Batting: RHB Mike Johnson
|
0-0: Ground out 6-3 (Groundball, 6S, EV 86.9 MPH)
|
Batting: RHB John Hering
|
0-0: Ball 1-0: Foul Ball, location: 2F 1-1: Foul Ball, location: 2F 1-2: Strikes out swinging
|
Batting: RHB Chris Martin
|
0-0: Ground out U3 (Groundball, 34, EV 106.2 MPH)
|
Top of the 7th over - 0 runs, 0 hits, 0 errors, 0 left on base; Bluefield 3 - Boston (APP) 3 |
BOTTOM OF THE 7TH |
Boston (APP) Red Sox batting - Pitching for Bluefield Blue Jays : LHP Bruce Knight
|
Pitching: RHP Jose Ramos
|
|
Batting: RHB Dominique Paolozzi
|
0-0: Fly out, F7 (Line Drive, 7D, EV 84.4 MPH)
|
Batting: RHB Rogelio Cervantes
|
0-0: Called Strike 0-1: SINGLE (Groundball, 56D, EV 101.2 MPH)
|
Batting: RHB Joe Booth
|
0-0: Called Strike Rogelio Cervantes steals 2nd base (no throw) 0-1: Called Strike 0-2: Ball 1-2: Strikes out swinging
|
Batting: LHB Stanislav Parusov
|
0-0: Ball 1-0: Foul Ball, location: 2F 1-1: Ground out U3 (Groundball, 3S, EV 93.8 MPH)
|
Bottom of the 7th over - 0 runs, 1 hit, 0 errors, 1 left on base; Bluefield 3 - Boston (APP) 3 |
TOP OF THE 8TH |
Bluefield Blue Jays batting - Pitching for Boston (APP) Red Sox : RHP Chris Cory
|
Pitching: RHP Rich Brown
|
|
Batting: RHB Ed Swafford
|
0-0: Ball 1-0: Foul Ball, location: 2F 1-1: Foul Ball, location: 2F 1-2: Foul Ball, location: 2F 1-2: Strikes out swinging
|
Batting: RHB Tokuji Kawabata
|
0-0: Swinging Strike 0-1: Swinging Strike 0-2: Foul Ball, location: 2F 0-2: Hit by Pitch
|
Batting: RHB Wade Diamond
|
0-0: Foul Ball, location: 2F 0-1: Bunt missed! 0-2: Ball 1-2: Fly out, F7 (Line Drive, 7, EV 100.6 MPH)
|
Batting: LHB Cesar Arteaga
|
0-0: Hit by Pitch Tokuji Kawabata to second
|
Batting: SHB Jack Andrews
|
0-0: Ball 1-0: Ground out 3-1 (Groundball, 34S, EV 78.8 MPH)
|
Top of the 8th over - 0 runs, 0 hits, 0 errors, 2 left on base; Bluefield 3 - Boston (APP) 3 |
BOTTOM OF THE 8TH |
Boston (APP) Red Sox batting - Pitching for Bluefield Blue Jays : RHP Jose Ramos
|
Pitching: LHP Akinori Morikawa
|
|
Batting: RHB Matt Hinkle
|
0-0: Ball 1-0: Ball 2-0: Ball 3-0: Called Strike 3-1: Foul Ball, location: 2F 3-2: Foul Ball, location: 2F 3-2: Strikes out looking
|
Batting: RHB Frank Sokolosky
|
0-0: Ball 1-0: Ball 2-0: Ball 3-0: Called Strike 3-1: SINGLE (Groundball, 3D, EV 110.0 MPH)
|
Pitching: RHP Sergio Valdivia
|
|
Batting: RHB William Lung
|
0-0: Called Strike 0-1: Ball 1-1: Ball 2-1: Foul Ball, location: 2F 2-2: SINGLE (Groundball, 4MD, EV 106.9 MPH) Frank Sokolosky to second
|
Pinch Hitting: LHB Eddie Contreras
|
0-0: Ball 1-0: Swinging Strike 1-1: 3-RUN HOME RUN (Flyball, 8LXD, EV 111.9 MPH), Distance : 436 ft
|
Batting: RHB John Doucette
|
0-0: Called Strike 0-1: Fly out, F8 (Line Drive, 8RD, EV 89.4 MPH)
|
Batting: RHB Dominique Paolozzi
|
0-0: Called Strike 0-1: Ball 1-1: Ground out U3 (Groundball, 34, EV 106.2 MPH)
|
Bottom of the 8th over - 3 runs, 3 hits, 0 errors, 0 left on base; Bluefield 3 - Boston (APP) 6 |
TOP OF THE 9TH |
Bluefield Blue Jays batting - Pitching for Boston (APP) Red Sox : RHP Rich Brown
|
Pitching: RHP Juan Mejia
|
|
Now at 1B: Ben Crossley
|
|
Batting: RHB Rich Cracchiolo
|
0-0: Ball 1-0: Ball 2-0: Called Strike 2-1: Ground out 4-3 (Groundball, 4MS, EV 81.2 MPH)
|
Pinch Hitting: LHB Frank Nelson
|
0-0: Foul Ball, location: 2F 0-1: Ball 1-1: Called Strike 1-2: SOLO HOME RUN (Line Drive, 7D, EV 100.0 MPH), Distance : 390 ft
|
Pinch Hitting: SHB Scott Robbins
|
0-0: Ball 1-0: Foul Ball, location: 2F 1-1: Ground out U3 (Groundball, 3, EV 105.0 MPH)
|
Batting: RHB Chris Martin
|
0-0: Ball 1-0: Called Strike 1-1: Foul Ball, location: 2F 1-2: Strikes out swinging
|
Top of the 9th over - 1 run, 1 hit, 0 errors, 0 left on base; Bluefield 4 - Boston (APP) 6 |
|